 Dungeon Crawl Stone Soup version 0.24.1-11-gbbbb2193e6 (webtiles) character file.

Game seed: 12843922637075856331, levelgen mode: deterministic

81 raph the Magician (level 4, -1/33 HPs)
             Began as a Draconian Wizard on May 12, 2020.
             Killed from afar by an orc wizard (9 damage)
             ... with a magic dart
             ... on level 2 of the Dungeon.
             The game lasted 00:05:27 (2243 turns).

raph the Magician (Draconian Wizard)                Turns: 2243, Time: 00:05:27

Health: -1/33      AC:  7    Str:  9    XL:     4   Next: 19%
Magic:  5/10       EV: 12    Int: 19    God:
Gold:   49         SH:  0    Dex: 10    Spells: 6/11 levels left

rFire    . . .     SeeInvis .   o - +0 short sword (venom)
rCold    . . .     Gourm    .   (no shield)
rNeg     . . .     Faith    .   (armour unavailable)
rPois    .         Spirit   .   a - +0 hat
rElec    .         Reflect  .   (no cloak)
rCorr    .         Harm     .   b - +1 pair of gloves
MR       .....                  (no boots)
Stlth    ++........             (no amulet)
HPRegen  0.11/turn              (no ring)
MPRegen  0.12/turn              (no ring)

@: no status effects
A: unfitting armour, cold-blooded, AC +5
a: no special abilities


You were on level 2 of the Dungeon.
You were not hungry.

You visited 1 branch of the dungeon, and saw 4 of its levels.

You collected 49 gold pieces.

Inventory:

Hand Weapons
 d - a +7 club
 i - a +0 whip
 o - a +0 short sword of venom (weapon)
Missiles
 j - 75 stones (quivered)
Armour
 a - a +0 hat (worn)
 b - a +1 pair of gloves (worn)
 f - a +0 buckler
Scrolls
 h - a scroll of enchant armour
 k - 2 scrolls of teleportation {unknown}
 l - a scroll of magic mapping {unknown}
 n - a scroll of identify {unknown}
Potions
 e - 2 potions of flight
 g - a potion of magic {unknown}
Comestibles
 c - 2 rations
 m - 2 chunks of flesh


   Skills:
 - Level 1.7 Dodging
 - Level 1.7 Stealth
 + Level 0.2 Shields
 + Level 4.0 Spellcasting
 + Level 2.9 Conjurations
 - Level 1.0 Summonings
 - Level 1.0 Translocations


You had 6 spell levels left.
You knew the following spells:

 Your Spells              Type           Power        Failure   Level  Hunger
a - Magic Dart            Conj           ##..         4%          1    None
b - Blink                 Tloc           N/A          14%         2    ##.....
c - Call Imp              Summ           #.......     14%         2    ##.....

Your spell library contained the following spells:

 Spells                   Type           Power        Failure   Level  Hunger
 Slow                     Hex            #.......     21%         2    ##.....
 Conjure Flame            Conj/Fire      #.......     22%         3    ###....
 Mephitic Cloud           Conj/Pois/Air  #.......     28%         3    ###....


Dungeon Overview and Level Annotations

Branches:
Dungeon (4/15)
 Temple: D:4-7

Altars:

Annotations:
D:4 Dowan, Duvessa


Innate Abilities, Weirdness & Mutations

Your plain brown scales are hard. (AC +5)
You cannot fit into any form of body armour.
You are cold-blooded and may be slowed by cold attacks.


Message History

* * * LOW HITPOINT WARNING * * *
Are you sure you want to stumble around while confused and next to your crimson imp?
Okay, then.
Are you sure you want to stumble around while confused and next to your crimson imp?
Okay, then.
You hear some strange, mumbled words.
A magic dart appears from out of thin air!
The magic dart hits you.
* * * LOW HITPOINT WARNING * * *
Something hits you but does no damage. Something barely misses you.
You feel less confused. Something hits you but does no damage.
You miss something. You tail-slap something.
Something hits you but does no damage.
You barely miss something.
Your tail-slap misses something.
You hear some strange, mumbled words.
A magic dart appears from out of thin air!
The magic dart hits you!
You die...

.#.....#.#.###.###
#.....# .#.....#
........# #.###.######
.#.....# ........#####.#
#....... .#.....#
.o............###.######
.#######
#.......#####.....#
........ ##o.....##
###.######
###########.<.#...#
#.###.. #...)#####.#
#.##.# # ##.o.#{@.#
#....# .# #.#.#5#.#
####)###.# ...#..)#.#
##)..# #.####...#.#
##.## # #...#.#
#########.# #......
..........# #...#.#
#########.# ......#
#.### ##...### #.##.


You could see a friendly crimson imp.

Vanquished Creatures
  Jessica (D:2)
  2 adders (D:2)
  A dart slug (D:1)
  A leopard gecko (D:1)
  2 orcs (D:2)
  2 giant cockroaches (D:1)
  4 hobgoblins
  3 jackals (D:2)
  3 kobolds
  A quokka (D:2)
  5 bats
  3 frilled lizards (D:1)
  4 goblins
  6 rats
38 creatures vanquished.

Vanquished Creatures (collateral kills)
  A leopard gecko (D:3)
1 creature vanquished.

Grand Total: 39 creatures vanquished

Notes
Turn   | Place    | Note
-------+----------+-------------------------------------------
     0 | D:1      | raph the Draconian Wizard began the quest for the Orb.
     0 | D:1      | Reached XP level 1. HP: 14/14 MP: 4/4
   377 | D:1      | Reached XP level 2. HP: 20/20 MP: 1/6
   452 | D:1      | Learned a level 2 spell: Blink
   455 | D:1      | Learned a level 2 spell: Call Imp
  1133 | D:2      | Reached XP level 3. HP: 16/26 MP: 0/8
  1506 | D:2      | You fall into a shaft and drop 2 floors!
  1506 | D:4      | Noticed Dowan
  1507 | D:4      | Noticed Duvessa
  1507 | D:4      | Noticed a scorpion
  1543 | D:3      | HP: 1/26 [leopard gecko (2)]
  1915 | D:2      | Noticed Jessica
  1929 | D:2      | Killed Jessica
  1929 | D:2      | Reached XP level 4. HP: 20/33 MP: 0/9
  2208 | D:2      | Reached skill level 4 in Spellcasting
  2243 | D:2      | Killed from afar by an orc wizard

Levels and vault maps discovered:
D:1:      minmay_arrival_radiant_lines, layout_loops_ring
D:2:      layout_loops_ring, uniq_jessica
D:3:      layout_basic, gammafunk_ghost_stat_death, kennysheep_generic_room_3,
          uniq_crazy_yiuf_cottage
D:4:      layout_basic, portal_sewer_entry_e, ebering_ghost_gozag, first_ration,
          uniq_edmund, uniq_grinder, uniq_duvessa, uniq_sigmund

Skill      XL: |  1  2  3  4 |
---------------+-------------+-----
Conjurations   | 2 |  2.9
Spellcasting   | 4 |  4.0
Dodging        | |  1.7
Stealth        | |  1.7
Shields        | |  0.2
Summonings     | |  1.0
Translocations | |  1.0

Action                   |  1- 3 |  4- 6 || total
-------------------------+-------+-------++-------
Melee: Unarmed           |    10 |       ||    10
       Whip              |    21 |       ||    21
       Short sword       |       |     9 ||     9
       Club              |       |     6 ||     6
       Tailslap          |       |     2 ||     2
Throw: Stone             |     1 |       ||     1
 Cast: Magic Dart        |    59 |    21 ||    80
       Call Imp          |     2 |     1 ||     3
  Use: Potion            |     2 |       ||     2
       Scroll            |       |     1 ||     1
 Stab: Sleeping          |     1 |       ||     1
  Eat: Chunk             |     2 |     2 ||     4
Armor: Skin              |    20 |    11 ||    31
Dodge: Dodged            |    40 |     6 ||    46
